 Dungeon Crawl Stone Soup version 0.28-a0-1143-gcf6077d4cc (webtiles) character file.

Game seed: 8032458352996946278

14 spaghetti the Charlatan (level 2, 0/26 HPs)
             Began as a Naga Artificer on Dec 14, 2021.
             Slain by an orc (4 damage)
             ... on level 2 of the Dungeon.
             The game lasted 00:01:08 (1207 turns).

spaghetti the Charlatan (Naga Artificer)            Turns: 1207, Time: 00:01:08

Health: 0/26       AC:  3    Str: 14    XL:     2   Next: 45%
Magic:  2/2        EV:  9    Int: 11    God:
Gold:   23         SH:  0    Dex: 11    Spells: 1/1 levels left

rFire   . . .      SeeInvis +   a - +0 club (elec) {mace}
rCold   . . .      Faith    .   (no shield)
rNeg    . . .      Spirit   .   b - +1 leather armour
rPois   +          Reflect  .   (no helmet)
rElec   .          Harm     .   (no cloak)
rCorr   .          Rampage  .   (no gloves)
Will    .....                   (no barding)
Stlth   +.........              (no amulet)
HPRegen 0.08/turn               (no ring)
MPRegen 0.08/turn               (no ring)

@: short of breath, very slow
A: AC +0, large, see invisible, deformed body, poison resistance, slowness 2,
spit poison 1, naga tail 1
a: Spit Poison


You were on level 2 of the Dungeon.
You visited 1 branch of the dungeon, and saw 2 of its levels.

You collected 23 gold pieces.


Innate Abilities, Weirdness & Mutations

Your serpentine skin is tough. (AC +0)
You have supernaturally acute eyesight. (SInv)
Armour fits poorly on your strangely shaped body.
Your system is resistant to poisons. (rPois)
You cover ground very slowly.
You can spit poison.
You have a snake-like lower body.


   Skills:
 - Level 1.9 Fighting
 + Level 1.2 Maces & Flails
 - Level 1.5 Armour
 - Level 0.7 Dodging
 - Level 1.5 Stealth
 - Level 3.0 Evocations


You had one spell level left.
You didn't know any spells.
Your spell library was empty.

Inventory:

Hand Weapons
 a - a +0 club of electrocution (weapon) {mace}
Missiles
 f - 56 stones {throwing}
 g - 15 bolts
Armour
 b - a +1 leather armour (worn)
Wands
 c - a wand of flame (14) (quivered)
 d - a wand of charming (14)
Potions
 h - a potion of cancellation {unknown}
Miscellaneous
 e - a piece from Xom's chessboard (15/15)

Dungeon Overview and Level Annotations

Branches:
Dungeon (2/15)

Altars:

..........#.###
###........#...
#......#.......
#......#....#
#......#....#+##
#...#'#.........
#...#.#.........
#<..#.#.........
##..#.#)@)......
#..#.#)oo......
#..#.#[........
#..#.#........#
#..#.#........#
#..# #.........
#... ........#.
#... ........#


You could see an orc and a friendly orc (charmed).


Message History

Your mp is fully restored (2).
A goblin comes into view. It is wielding a +0 dagger.
The goblin hits you with a +0 dagger. 😕 HP[-3]
You take 3 damage, and now have 23/26 hp.
You hit the goblin.
You kill the goblin!
No target in view!
No target in view!
No target in view!
No target in view!
No target in view!
No target in view!
No target in view!
No target in view!
No target in view!
No target in view!
You see here a +0 dagger {short}.
You see here a bat corpse.
Key pressed, stopping explore.
Done exploring. 😎 HP[+3]
Your hp is fully restored (26).
No target in view!
Done exploring.
Done exploring.
(D) Dungeon
Where to? (? - help)
There is an open door here.
There is a stone staircase leading down here.
You climb downwards.
There is a stone staircase leading up here.
Unknown command.
Unknown command.
A ball python comes into view.
The ball python moves out of view.
You open the door.
There is an open door here.
An orc comes into view. It is wielding a +0 whip.
An orc comes into view. It is wielding a +0 club.
The orc shouts!
An orc comes into view. It is wielding a +0 flail.
An orc comes into view. It is wielding a +0 whip.
The orc shouts! x2
An orc comes into view. It is wielding a +0 hand axe.
The orc shouts! x2
You hit the orc.
The orc hits you with a +0 club. 😕 HP[-1]
You take 1 damage, and now have 25/26 hp.
You barely miss the orc.
The orc hits you but does no damage. 😎 HP[+1]
Your hp is fully restored (26).
You barely miss the orc. You hit the orc but do no damage.
The orc hits you with a +0 whip. 😕 HP[-1]
You take 1 damage, and now have 25/26 hp.
You hit the orc.
You kill the orc!
The orc closely misses you. The orc barely misses you.
The orc closely misses you. x2; The orc barely misses you.
The orc hits you with a +0 whip. 😕 HP[-1]
You take 1 damage, and now have 24/26 hp.
You hit the orc. Lightning courses through the orc!!
You kill the orc!
The orc hits you but does no damage. The orc hits you with a +0 hand axe.
The orc hits you with a +0 whip.
Your Maces & Flails skill increases to level 1! 😮 HP[-9]
You take 9 damage, and now have 15/26 hp.
MASSIVE DAMAGE!! (PAUSE) Unknown command.
Aiming: Spit Poison (2% risk of failure)
Press: ? - help, Shift-Dir - straight line, f - orc
Aim: an orc, wielding a +0 whip and wearing a +0 scale mail The splash of poison hits the orc.
The orc hits you with a +0 whip. The orc hits you with a +0 hand axe.
* * * LOW HITPOINT WARNING * * *
The orc hits you but does no damage. 😨 HP[-2]
You take 2 damage, and now have 13/26 hp.
Unknown command.
Okay, then.
Aiming: Throw Flame
Press: ? - help, Shift-Dir - straight line, f/p - orc
Aim: an orc, wielding a +0 whip and wearing a +0 scale mail (lightly wounded, 75% to hit)
The puff of flame hits the orc!
You kill the orc!
The orc hits you with a +0 whip.
* * * LOW HITPOINT WARNING * * *
The orc hits you with a +0 hand axe.
* * * LOW HITPOINT WARNING * * *
😱 HP[-9]
You take 9 damage, and now have 4/26 hp.
MASSIVE DAMAGE!! (PAUSE)
Aiming: Charm
Press: ? - help, Shift-Dir - straight line, f - orc
Aim: an orc, wielding a +0 hand axe (chance to affect: 71%)
The orc is charmed.
The orc hits you with a +0 whip.
You die...

Skill      XL: |  1  2 |
---------------+-------+-----
Maces & Flails | 1 |  1.2
Fighting       | |  1.9
Armour         | |  1.5
Dodging        | |  0.7
Stealth        | |  1.5
Evocations     | |  3.0

Action                   || total
-------------------------++-------
Melee: Club              ||    29
 Abil: Spit Poison       ||     3
Evoke: Wand              ||     2
  Use: Scroll            ||     3
       Potion            ||     1
Armor: Leather armour    ||     9
Dodge: Dodged            ||    15

Levels and vault maps discovered:
D:1:      lightli_arrival_farm, layout_basic
D:2:      layout_basic

Notes
Turn   | Place    | Note
-------+----------+-------------------------------------------
     0 | D:1      | spaghetti the Naga Artificer began the quest for the Orb.
     0 | D:1      | Reached XP level 1. HP: 18/18 MP: 1/1
     0 | D:1      | magus.rc [v1.9.6]
  1047 | D:1      | Reached XP level 2. HP: 26/26 MP: 2/2
  1205 | D:2      | Reached skill level 1 in Maces & Flails
  1206 | D:2      | HP: 4/26 [orc (6)]
  1207 | D:2      | Slain by an orc

Vanquished Creatures
  3 orcs (D:2)
  2 endoplasms (D:1)
  A goblin (D:1)
  A hobgoblin (D:1)
  2 ball pythons (D:1)
  A bat (D:1)
  A rat (D:1)
11 creatures vanquished.

Table legend:
 A = Non-vault XP
 B = Vault XP
 C = Vault XP percentage of total XP
 D = Non-vault monster count
 E = Vault monster count
 F = Vault count percentage of total count
                 A         B        C        D         E       F
            +---------+---------+-------+---------+---------+-------
      Total |      21 |       0 |   0.0 |      11 |       0 |   0.0
            +---------+---------+-------+---------+---------+-------
        D:1 |      12 |       0 |   0.0 |       8 |       0 |   0.0
        D:2 |       9 |       0 |   0.0 |       3 |       0 |   0.0
            +---------+---------+-------+---------+---------+-------

Illustrated notes

Table legend:
 A = Kills in this place as a percentage of kills in entire the game.
 B = Kills by you in this place as a percentage of kills by you in the entire game.
 C = Kills by friends in this place as a percentage of kills by friends in the entire game.
 D = Other kills in this place as a percentage of other kills in the entire game.
 E = Experience gained in this place as a percentage of experience gained in the entire game.
 F = Experience gained in this place divided by the number of levels of this place that you have seen.
                   A       B       C       D       E      F
               +-------+-------+-------+-------+-------+----------------------
         Total | 100.0 | 100.0 |   N/A |   N/A | 100.0 |  10.5
       Dungeon | 100.0 | 100.0 |   N/A |   N/A | 100.0 |  10.5
               +-------+-------+-------+-------+-------+----------------------

Table legend: (Time is in decaauts)
 A = Elapsed time spent in this place.
 B = Non-inter-level travel time spent in this place.
 C = Inter-level travel time spent in this place.
 D = Time resting spent in this place.
 E = Time spent auto-exploring this place.
 F = Levels seen in this place.
 G = Mean time per level.
                   A        B        C        D        E       F      G
               +--------+--------+--------+--------+--------+-----+--------+
         Total |   1511 |   1489 |     22 |    429 |    955 |   2 |  755.5 |
       Dungeon |   1511 |   1489 |     22 |    429 |    955 |   2 |  755.5 |
               +--------+--------+--------+--------+--------+-----+--------+

Top non-repeatable levels by time:
     D:1: 1481 daAuts
     D:2: 29 daAuts
